[Event "Team 45 45 League T29"]
[Site "Internet Chess Club"]
[Date "2006.01.21"]
[Round "5"]
[White "tgralex"]
[Black "clarnibass"]
[Result "0-1"]
[WhiteElo "1753"]
[BlackElo "1749"]
[TimeControl "2700+45"]

1. e4 e6 2. d4 d5 3. e5 c5 4. Nf3 cxd4 5. Nxd4 Nc6 6. Bb5 Bd7 7. Nxc6 Bxc6 8.
Bxc6+ bxc6 9. O-O Ne7 10. Be3 Qc7 11. f4 Nf5 12. Bf2 Rb8 13. b3 Bb4 14. c3 Ba5
15. b4 Bb6 16. Nd2 a5 17. a3 axb4 18. axb4 Ne3 19. Bxe3 Bxe3+ 20. Kh1 O-O 21.
Rf3 Bb6 22. Rh3 Ra8 23. Rb1 Ra2 24. Qh5 h6 25. Nf3 Qa7 26. Qg4 Ra1 27. Nd2 Rxb1+
28. Nxb1 Qa1 29. Qd1 Ra8 30. Rf3 Ra2 31. Rf1 Rb2 32. Nd2 Qa2 33. Nf3 Rxg2 34.
Qd3 Rf2 35. Rd1 Qe2 36. Qxe2 Rxe2 37. Nd4 Bxd4 38. Rxd4 f6 39. exf6 gxf6 40. c4
e5 41. fxe5 fxe5 42. Rg4+ Kf7 43. cxd5 cxd5 44. Kg1 d4 45. h3 d3 46. Kf1 e4 47.
b5 Rc2 48. Rf4+ Kg6 49. b6 Rc1+ 50. Kg2 d2 51. b7 d1=Q 52. Rg4+ Kh5 {White
resigns} 0-1  aics%

[Event "Team 45 45 League T29"]
[Site "Internet Chess Club"]
[Date "2006.01.20"]
[Round "5"]
[White "jacknor"]
[Black "tammany"]
[Result "0-1"]
[WhiteElo "1604"]
[BlackElo "1603"]
[TimeControl "2700+45"]

1. d4 Nf6 2. Nf3 e6 3. Bg5 b6 4. Nbd2 Bb7 5. e3 Be7 6. Bd3 h6 7. Bf4 d6 8. c3
Nh5 9. Bg3 O-O 10. Qc2 Nd7 11. e4 c5 12. O-O cxd4 13. cxd4 Nxg3 14. hxg3 Nf6 15.
Qd1 Rc8 16. Re1 Nh7 17. Qe2 Ng5 18. Ba6 Bxa6 19. Qxa6 Rc2 20. Rab1 Qa8 21. Qd3
Rfc8 22. Nb3 Nxf3+ 23. gxf3 Bf6 24. Rec1 Rxc1+ 25. Rxc1 Rxc1+ 26. Nxc1 Qc6 27.
Nb3 Qa4 28. d5 exd5 29. Qxd5 Qxa2 30. Qa8+ Kh7 31. Nc1 Qxb2 32. Nd3 Qb1+ 33. Kg2
Qxd3 34. Qxa7 Qb3 35. Qd7 Qe6 36. Qb5 Bd4 37. Qd3 Bc5 38. e5+ Kg8 39. exd6 Qxd6
40. Qe2 Kf8 41. Qa2 Qb8 42. Qc4 Be7 43. Qb5 Qc7 44. Qd5 Kg8 45. Qa8+ Kh7 46. Qd5
Kg8 47. Qa8+ Bf8 48. f4 b5 49. f5 b4 50. Qf3 Qc3 51. Qf4 b3 52. g4 b2 53. g5
hxg5 54. Qxg5 b1=Q {White resigns} 0-1  aics%

[Event "Team 45 45 League T29"]
[Site "Internet Chess Club"]
[Date "2006.01.24"]
[Round "5"]
[White "gracey"]
[Black "Gandalf"]
[Result "1/2-1/2"]
[WhiteElo "2075"]
[BlackElo "1887"]
[TimeControl "2700+45"]

1. f4 d5 2. Nf3 Nf6 3. e3 g6 4. c4 e6 5. Nc3 Bg7 6. d4 O-O 7. Ne5 b6 8. Be2 Bb7
9. O-O Nbd7 10. cxd5 Nxd5 11. Nxd5 Bxd5 12. Bf3 Nxe5 13. dxe5 Bxf3 14. Qxf3 c5
15. Rd1 Qe7 16. Bd2 Rad8 17. Be1 Rxd1 18. Rxd1 Rd8 19. h3 Kf8 20. Rxd8+ Qxd8 21.
Qb7 g5 22. Qxa7 gxf4 23. exf4 Qd4+ 24. Bf2 Qxf4 25. Qb8+ Ke7 26. Qc7+ Ke8 27.
Qc6+ Ke7 28. Qb7+ {Game drawn by mutual agreement} 1/2-1/2  aics%

[Event "Team 45 45 League T29"]
[Site "Internet Chess Club"]
[Date "2006.01.20"]
[Round "5"]
[White "rayonline53"]
[Black "nightly"]
[Result "0-1"]
[WhiteElo "1571"]
[BlackElo "1894"]
[TimeControl "2700+45"]

1. e4 c5 2. Nf3 g6 3. d4 cxd4 4. Nxd4 Nc6 5. Nxc6 bxc6 6. Qd4 Nf6 7. e5 Nd5 8.
e6 f6 9. exd7+ Bxd7 10. Bc4 e5 11. Qd1 Nb6 12. Bb3 Qe7 13. O-O Be6 14. Bxe6 Qxe6
15. Nd2 Rd8 16. Qe2 Nd5 17. Nb3 Kf7 18. Be3 Nxe3 19. Qxe3 Rd7 20. Rfd1 Be7 21.
Qe2 Rhd8 22. h3 c5 23. Na5 Rxd1+ 24. Rxd1 Rxd1+ 25. Qxd1 Qxa2 26. Nc6 Qe6 27.
Nxa7 Qd6 28. Qxd6 Bxd6 29. Nb5 Bb8 30. f3 Ke6 31. c4 e4 32. Kf2 Ke5 33. Ke3 exf3
34. Kxf3 f5 35. g3 g5 36. Ke3 Ke6 37. Kf3 Be5 38. b3 Kd7 39. g4 Ke6 40. gxf5+
Kxf5 41. Na3 h5 42. Nc2 g4+ 43. hxg4+ hxg4+ 44. Kg2 Ke4 45. b4 Kd3 46. bxc5 Kxc2
47. c6 Kd3 48. c5 Kc4 49. Kf2 Kxc5 50. Ke3 Kxc6 51. Ke4 Bd6 52. Ke3 g3 53. Kf3
Kd5 54. Kg2 Ke4 55. Kf1 Kf3 56. Kg1 Bc5+ {White resigns} 0-1  aics%

[Event "Team 45 45 League T29"]
[Site "Internet Chess Club"]
[Date "2006.01.21"]
[Round "5"]
[White "garethn"]
[Black "SeniorCitizen"]
[Result "1-0"]
[WhiteElo "1769"]
[BlackElo "1349"]
[TimeControl "2700+45"]

1. e4 e6 2. d4 d5 3. e5 c5 4. c3 Nc6 5. Nf3 Qb6 6. a3 cxd4 7. cxd4 Nge7 8. b4
Nf5 9. Bb2 a6 10. Be2 Be7 11. O-O O-O 12. Qd2 f6 13. exf6 Bxf6 14. Rd1 Qd8 15.
Bd3 Nfxd4 16. Nxd4 Bxd4 17. Bxd4 Nxd4 18. Bxh7+ Kxh7 19. Qxd4 Qf6 20. g3 Qxd4
21. Rxd4 Bd7 22. f4 Bc6 23. Nd2 Rf6 24. Nf3 Kg8 25. Re1 Re8 26. Rd3 Kh7 27. Rde3
Kg6 28. Nd4 Bd7 29. f5+ Kf7 30. fxe6+ Bxe6 31. Rf1 Rxf1+ 32. Kxf1 Bh3+ 33. Kf2
Rxe3 34. Kxe3 Bd7 35. Kf4 Kf6 36. h4 g6 37. g4 Ke7 38. Kg5 Kf7 39. Nf3 Kg7 40.
Ne5 Be8 41. Kf4 Bc6 42. Ke3 Kf6 43. Kd4 Kg7 44. Nd3 Bd7 45. g5 {Black resigns}
1-0  aics%

[Event "Team 45 45 League T29"]
[Site "Internet Chess Club"]
[Date "2006.01.20"]
[Round "5"]
[White "achessman"]
[Black "searchforbobby1"]
[Result "0-1"]
[WhiteElo "2002"]
[BlackElo "2172"]
[TimeControl "2700+45"]

1. e4 e5 2. Nf3 f5 3. d4 fxe4 4. Nxe5 Nf6 5. Bg5 d6 6. Nc4 Be7 7. Be2 O-O 8. O-O
Nd5 9. Bxe7 Qxe7 10. Nc3 Nf4 11. Ne3 c6 12. Re1 d5 13. Bf1 Qg5 14. Kh1 Rf6 15.
Ne2 Nd7 16. c4 Rh6 17. Nxf4 Qxf4 18. h3 Nf6 19. cxd5 cxd5 20. Qb3 Be6 21. Qxb7
Rf8 22. Re2 Bxh3 23. gxh3 Qf3+ 24. Ng2 Qxh3+ {White resigns} 0-1  aics%

[Event "Team 45 45 League T29"]
[Site "Internet Chess Club"]
[Date "2006.01.19"]
[Round "5"]
[White "Burning-Bush"]
[Black "Nomad"]
[Result "1-0"]
[WhiteElo "2071"]
[BlackElo "1968"]
[TimeControl "2700+45"]

1. d4 Nf6 2. c4 e6 3. a3 b6 4. Nc3 Bb7 5. d5 d6 6. g3 Be7 7. Bg2 e5 8. Nf3 Nbd7
9. O-O O-O 10. Ne1 Rc8 11. e4 c6 12. Nc2 cxd5 13. cxd5 Nc5 14. Re1 Qd7 15. Rb1
Ne8 16. h4 Nf6 17. Nb4 a5 18. Nd3 Ba6 19. Nxc5 bxc5 20. Bd2 Bd3 21. Rc1 Qa7 22.
Be3 Qa6 23. Qd2 Rb8 24. Bf1 Bxf1 25. Rxf1 Rb3 26. f3 Rfb8 27. Rc2 Bd8 28. Na2
Qb7 29. Rf2 Qa6 30. Nc1 R3b7 31. Kg2 a4 32. Qe2 Qxe2 33. Rfxe2 Nd7 34. Nd3 Nb6
35. Bd2 Nd7 36. Bc3 Ra8 37. f4 Ba5 38. fxe5 dxe5 39. Bxe5 Rc8 40. Bc3 Bxc3 41.
Rxc3 f6 42. Rc4 Rb3 43. Rd2 Rxd3 44. Rxd3 Ne5 45. Rdc3 Nxc4 46. Rxc4 Rb8 47.
Rxa4 Rxb2+ 48. Kf3 Rb3+ 49. Kf4 g5+ 50. hxg5 fxg5+ 51. Kxg5 Rxg3+ 52. Kf6 h5 53.
e5 Rg4 54. Rxg4+ hxg4 55. d6 {Black resigns} 1-0  aics%

[Event "Team 45 45 League T29"]
[Site "Internet Chess Club"]
[Date "2006.01.21"]
[Round "5"]
[White "Squaredance"]
[Black "PaulKaspar"]
[Result "1/2-1/2"]
[WhiteElo "1899"]
[BlackElo "1931"]
[TimeControl "2700+45"]

1. Nf3 Nf6 2. d4 d5 3. e3 c6 4. Bd3 e6 5. Nbd2 Bd6 6. O-O O-O 7. Qe2 Nbd7 8. Re1
c5 9. c3 c4 10. Bc2 e5 11. e4 exd4 12. Nxd4 Re8 13. Qd1 dxe4 14. Nxc4 Bxh2+ 15.
Kxh2 Qc7+ 16. Kg1 Qxc4 17. Nf5 Qc5 18. Nd6 Re6 19. Bf4 Nd5 20. Nxe4 Qc6 21. Bg3
h6 22. Bb3 N7b6 23. Qd4 Re8 24. Rad1 Bf5 25. Nd6 Rxe1+ 26. Rxe1 Be6 27. Be5 Rd8
28. Ne4 f6 29. Bxf6 gxf6 30. Nxf6+ Kf7 31. c4 Nxc4 32. Bxc4 Nxf6 33. Qxd8 Qxc4
34. b3 Qc8 {Game drawn by mutual agreement} 1/2-1/2  aics%

[Event "Team 45 45 League T29"]
[Site "Internet Chess Club"]
[Date "2006.01.24"]
[Round "5"]
[White "chsrules88"]
[Black "tourettes"]
[Result "1-0"]
[WhiteElo "1841"]
[BlackElo "1808"]
[TimeControl "2700+45"]

1. e4 c5 2. Nf3 d6 3. Bd3 Nc6 4. O-O Nf6 5. c3 e6 6. Bc2 Be7 7. d4 e5 8. d5 Nb8
9. c4 O-O 10. Nc3 a5 11. h3 Na6 12. Be3 Nc7 13. Rc1 Bd7 14. Nxe5 dxe5 15. d6 Ne6
16. dxe7 Qxe7 17. Nd5 Nxd5 18. exd5 Nd4 19. Re1 Nxc2 20. Rxc2 b6 21. Bf4 f6 22.
Bg3 Qf7 23. Rc3 Qg6 24. d6 Qf7 25. f4 Rae8 26. fxe5 fxe5 27. Qb3 Rb8 28. Rf3 Qg6
29. Bxe5 Rfe8 30. Rg3 Qh5 31. Rxg7+ Kf8 32. Qg3 Rxe5 33. Rxe5 Qd1+ 34. Kh2 Qf1
35. Rg8+ {Black resigns} 1-0

[Event "Team 45 45 League T29"]
[Site "Internet Chess Club"]
[Date "2006.01.23"]
[Round "5"]
[White "NotSoGreat"]
[Black "Hesperus"]
[Result "1-0"]
[WhiteElo "2206"]
[BlackElo "1925"]
[TimeControl "2700+45"]

1. e4 c5 2. Nc3 Nc6 3. f4 g6 4. Nf3 Bg7 5. Bb5 Nd4 6. O-O e6 7. e5 a6 8. Bd3 d5
9. Nxd4 cxd4 10. Ne2 Qb6 11. b3 Ne7 12. Bb2 Nc6 13. a3 O-O 14. Qe1 f6 15. exf6
Bxf6 16. Qg3 Bd7 17. Rae1 Rae8 18. Kh1 Kg7 19. Ng1 e5 20. fxe5 Nxe5 21. Rxf6
Qxf6 22. Bxd4 Nxd3 23. Bxf6+ Rxf6 24. cxd3 {Black resigns} 1-0  aics%

[Event "Team 45 45 League T29"]
[Site "Internet Chess Club"]
[Date "2006.01.22"]
[Round "5"]
[White "fileman"]
[Black "billarvola"]
[Result "0-1"]
[WhiteElo "1956"]
[BlackElo "2036"]
[TimeControl "2700+45"]

1. e4 e5 2. f4 exf4 3. Nf3 d6 4. Bc4 h6 5. b3 Be7 6. Bb2 Bf6 7. e5 Bh4+ 8. Kf1
d5 9. Nxh4 dxc4 10. bxc4 Qxh4 {White resigns} 0-1  aics%

[Event "Team 45 45 League T29"]
[Site "Internet Chess Club"]
[Date "2006.01.22"]
[Round "5"]
[White "nminwalla"]
[Black "LoseOften"]
[Result "1-0"]
[WhiteElo "2003"]
[BlackElo "1816"]
[TimeControl "2700+45"]

1. e4 c5 2. Nf3 d6 3. d4 cxd4 4. Nxd4 Nf6 5. Nc3 a6 6. Bc4 e6 7. Bb3 b5 8. O-O
Be7 9. Qf3 Qc7 10. Qg3 O-O 11. Bh6 Ne8 12. Kh1 Nc6 13. Nxc6 Qxc6 14. Rfe1 Bf6
15. Nd5 Bd8 16. c3 Bb7 17. Nb4 Qc5 18. Bf4 Be7 19. Bc2 Nf6 20. Be3 Qc7 21. f3
Rac8 22. Bd3 Rfd8 23. Rad1 Qa5 24. Bb1 d5 25. Qf2 Rd7 26. Bb6 Qa4 27. Bc2 Bxb4
28. Bxa4 {Black resigns} 1-0  aics%

[Event "Team 45 45 League T29"]
[Site "Internet Chess Club"]
[Date "2006.01.19"]
[Round "5"]
[White "BillyNoMates"]
[Black "kabindra"]
[Result "1/2-1/2"]
[WhiteElo "1848"]
[BlackElo "1761"]
[TimeControl "2700+45"]

1. e4 e5 2. Nf3 Nc6 3. Bb5 a6 4. Ba4 Nf6 5. O-O b5 6. Bb3 Bb7 7. Re1 Be7 8. c3
O-O 9. d4 d6 10. Nbd2 exd4 11. cxd4 Na5 12. Bc2 c5 13. Nf1 cxd4 14. Nxd4 Nc4 15.
Ng3 Qd7 16. Ndf5 Ne5 17. Nxe7+ Qxe7 18. Nf5 Qc7 19. Qxd6 Qxc2 20. Qxe5 Bxe4 21.
Ne3 Qc6 22. Bd2 Rfe8 23. Qg3 a5 24. Rac1 Qb6 25. Qc7 Qa6 26. f3 Rec8 27. Qg3
Rxc1 28. Bxc1 Bg6 29. Kh1 Qc6 30. Qf2 Rc8 31. Qd2 b4 32. b3 h6 33. Bb2 {Game
drawn by mutual agreement} 1/2-1/2  aics%